 Dungeon Crawl Stone Soup version 0.27.1-4-g1640c2035a (webtiles) character file.

Game seed: 2643276520202704815

53 Stomo444 the Skirmisher (level 3, 0/33 HPs)
             Began as a Draconian Monk on Nov 10, 2021.
             Slain by a gnoll (7 damage)
             ... on level 2 of the Dungeon.
             The game lasted 00:01:15 (1204 turns).

Stomo444 the Skirmisher (Draconian Monk)            Turns: 1204, Time: 00:01:15

Health: 0/33       AC:  6    Str: 14    XL:     3   Next: 64%
Magic:  3/3        EV: 13    Int: 10    God:
Gold:   54         SH:  0    Dex: 13    Spells: 2/2 levels left

rFire    . . .     SeeInvis .   a - +0 mace
rCold    . . .     Faith    .   (no shield)
rNeg     . . .     Spirit   .   (armour unavailable)
rPois    .         Reflect  .   (helmet restricted)
rElec    .         Harm     .   (no cloak)
rCorr    .         Rampage  .   c - +0 pair of gloves
Will     .....                  (no boots)
Stlth    ++........             (no amulet)
HPRegen  0.11/turn              (no ring)
MPRegen  0.08/turn              (no ring)

@: no status effects
A: AC +5, unfitting armour, cold-blooded
a: no special abilities


You were on level 2 of the Dungeon.
You visited 1 branch of the dungeon, and saw 2 of its levels.

You collected 54 gold pieces.

Inventory:

Hand Weapons
 a - a +0 mace (weapon)
Armour
 c - a +0 pair of gloves (worn)
Scrolls
 b - a scroll of enchant weapon {unknown}
 e - 3 scrolls of vulnerability {unknown}
 f - a scroll of holy word {unknown}
 g - a scroll of identify {unknown}
 h - a scroll of noise {unknown}
Potions
 d - a potion of curing {unknown}
 i - a potion of mutation {unknown}
 j - a potion of flight {unknown}


   Skills:
 + Level 4.0 Fighting
 + Level 3.6 Maces & Flails
 + Level 3.2 Dodging
 - Level 1.7 Stealth


You had 2 spell levels left.
You didn't know any spells.
Your spell library contained the following spells:

 Spells                   Type           Power      Damage    Failure   Level
 Corona                   Hex            0%         N/A       36%         1
 Ensorcelled Hibernation  Hex/Ice        0%         N/A       50%         2
 Tukima's Dance           Hex            0%         N/A       75%         3


Dungeon Overview and Level Annotations

Branches:
Dungeon (2/15)

Altars:


Innate Abilities, Weirdness & Mutations

Your plain brown scales are hard. (AC +5)
You cannot fit into any form of body armour.
You are cold-blooded and may be slowed by cold attacks.


Message History

The gnoll closely misses you. The gnoll hits you but does no damage.
The gnoll hits you with a +0 whip.
You hit the gnoll.
The gnoll is heavily wounded.
The gnoll barely misses you.
You hit the gnoll.
The gnoll is severely wounded.
The gnoll hits you from afar with a +0 spear.
The gnoll barely misses you.
The gnoll hits you from afar with a +0 spear!
You hit the gnoll but do no damage.
The gnoll is severely wounded.
The gnoll hits you with a +0 whip. The gnoll closely misses you.
You hit the gnoll. You tail-slap the gnoll.
The gnoll is severely wounded.
The gnoll misses you. x2
Unknown command.
You hit the gnoll.
You kill the gnoll!
The gnoll hits you but does no damage.
Your Fighting skill increases to level 4!
The gnoll hits you with a +0 spear. The gnoll misses you.
You barely miss the gnoll. The gnoll hits you but does no damage.
The gnoll hits you from afar with a +0 spear.
The gnoll hits you with a +0 spear.
You closely miss the gnoll. The gnoll completely misses you.
The gnoll hits you but does no damage.
You hit the gnoll.
The gnoll is lightly wounded.
The gnoll closely misses you. The gnoll misses you.
The gnoll completely misses you.
You sock the gnoll!
The gnoll is almost dead.
The gnoll hits you with a +0 spear!
* * * LOW HITPOINT WARNING * * *
The gnoll completely misses you.
You barely miss the gnoll.
The gnoll is almost dead.
The gnoll hits you with a +0 spear!
You die... #....## P.PP#

###.....###PPPP.#
#.'PP...._PPPPPP+
#.#...P.###PP.PP#
#.#....## .P.P#
##.###### ####
#############..#
##......##.....######
......#.##.#....@gg.#
##.##.#.##...######.#
##....#.###.## #.#
##.##.#.###.# #g#
............# #)#
##......##### #.#
##.############ ##.#####
. ###.#### #.....#
#...†gg#######..
..)....#
#.....###.####......†...


You could see 2 gnolls.

Vanquished Creatures
  A gnoll (D:2)
  An adder (D:1)
  A worm (D:2)
  A dart slug (D:1)
  An endoplasm (D:2)
  2 giant cockroaches
  2 goblins (D:1)
  A hobgoblin (D:1)
  A quokka (D:1)
  5 ball pythons
  2 bats (D:1)
  5 kobolds (D:1)
  7 rats
30 creatures vanquished.

Notes
Turn   | Place    | Note
-------+----------+-------------------------------------------
     0 | D:1      | Stomo444 the Draconian Monk began the quest for the Orb.
     0 | D:1      | Reached XP level 1. HP: 19/19 MP: 1/1
     2 | D:1      | Noticed a vampire
     2 | D:1      | Noticed a djinni
     4 | D:1      | Noticed a palentonga
     4 | D:1      | Noticed a draconian
     6 | D:1      | Noticed an octopode
     6 | D:1      | Noticed an elf
     8 | D:1      | Noticed a felid
     8 | D:1      | Noticed a demigod
    10 | D:1      | Noticed a gargoyle
    10 | D:1      | Noticed an ogre
    12 | D:1      | Noticed a vine stalker
    12 | D:1      | Noticed a troll
    14 | D:1      | Noticed a spriggan
    16 | D:1      | Noticed a ghoul
    16 | D:1      | Noticed a human
    18 | D:1      | Noticed a formicid
    20 | D:1      | Noticed a demonspawn
    20 | D:1      | Noticed a naga
    22 | D:1      | Noticed a tengu
    22 | D:1      | Noticed a merfolk
    24 | D:1      | Noticed a minotaur
    24 | D:1      | Noticed a dwarf
    26 | D:1      | Noticed a barachi
   402 | D:1      | Reached XP level 2. HP: 26/26 MP: 2/2
   865 | D:1      | Reached XP level 3. HP: 20/33 MP: 3/3
  1122 | D:2      | Found a faded altar of an unknown god.
  1193 | D:2      | Reached skill level 4 in Fighting
  1204 | D:2      | Slain by a gnoll

Illustrated notes

Levels and vault maps discovered:
D:1:      kb_arrival_jail, layout_basic, minmay_tall_x
D:2:      layout_loops_cross, basic_altar, shapermc_ecumenical_altar_flowoftime,
          mrwooster_statue_mirror, hangedman_decor_push, minivault_27,
          grunt_ministairs_7, uniq_terence

Skill      XL: |  1  2  3 |
---------------+----------+-----
Dodging        | 3 |  3.2
Fighting       | 4 |  4.0
Maces & Flails | |  3.6
Stealth        | |  1.7

Action                   || total
-------------------------++-------
Melee: Mace              ||    85
       Tailslap          ||     6
 Stab: Sleeping          ||     3
Armor: Skin              ||    31
Dodge: Dodged            ||    84
